 Dungeon Crawl Stone Soup version 0.19.1 (webtiles) character file.

1050 Dfrag the Firebug (level 8, 7/52 HPs)
             Began as a Demonspawn Fire Elementalist on Nov 29, 2016.
             Quit the game on level 5 of the Dungeon.
             The game lasted 00:09:39 (3411 turns).

Dfrag the Firebug (Demonspawn Fire Elementalist)    Turns: 3411, Time: 00:09:39

Health: 7/52       AC: 16    Str:  8    XL:     8   Next: 5%
Magic:  3/16       EV: 12    Int: 20    God:
Gold:   197        SH:  0    Dex: 13    Spells: 2 memorised, 12 levels left

rFire  . . .     SeeInvis .     C - +2 hand axe (chop)
rCold  . . .     Gourm    .     a - +0 robe
rNeg   . . .     Faith    .     (no shield)
rPois  .         Spirit   .     w - +0 helmet
rElec  .         Reflect  .     (no cloak)
rCorr  .         Harm     .     o - +2 pair of gloves
MR     .....                    G - +0 pair of boots
Stlth  +++.......               (no amulet)
                                t - ring of stealth
                                A - +6 ring of protection

@: no status effects
A: talons 2, thin metallic scales 2, powered by pain 2, rot immunity
a: no special abilities


You were on level 5 of the Dungeon.
You were not hungry.

You visited 1 branch of the dungeon, and saw 6 of its levels.

You collected 197 gold pieces.

Inventory:

Hand Weapons
 p - a +0 dagger
 C - a +2 hand axe of chopping (weapon)
Armour
 a - a +0 robe (worn)
 o - a +2 pair of gloves (worn)
 w - a +0 helmet (worn)
 G - a +0 pair of boots (worn)
Jewellery
 e - an uncursed ring of positive energy
 m - an uncursed amulet of faith
 t - a ring of stealth (right hand)
 A - a +6 ring of protection (left hand)
Wands
 r - a wand of random effects (23/48)
Scrolls
 d - 8 scrolls of identify {unknown}
 i - a scroll of magic mapping {unknown}
 k - a scroll of enchant armour {unknown}
 l - 3 scrolls of noise {unknown}
 s - a scroll of fog {unknown}
 u - 3 scrolls of remove curse {unknown}
 x - a scroll of immolation {unknown}
 y - 2 scrolls of teleportation {unknown}
Potions
 g - a potion of cure mutation {unknown}
 h - 3 potions of haste {unknown}
 j - 2 potions of curing
 v - 2 potions of flight {unknown}
 B - a potion of degeneration {unknown}
 D - a potion of invisibility {unknown}
 F - 2 potions of heal wounds {unknown}
Books
 b - a book of Flames

   Spells                             Type                      Level
   a - Flame Tongue                   Conjuration/Fire             1
   b - Throw Flame                    Conjuration/Fire             2
   c - Conjure Flame                  Conjuration/Fire             3
   d - Inner Flame                    Hexes/Fire                   3
   e - Sticky Flame                   Conjuration/Fire             4
   f - Fireball                       Conjuration/Fire             5
Comestibles
 c - 3 bread rations
 f - 6 fruits
 n - 3 meat rations
 q - a slice of pizza
 z - 3 beef jerkies
 E - a royal jelly
 H - 8 chunks of flesh


   Skills:
 - Level 1.7 Dodging
 - Level 1.7 Stealth
 + Level 5.4 Spellcasting
 + Level 5.2 Conjurations
 + Level 5.6 Fire Magic


You had 12 spell levels left.
You knew the following spells:

 Your Spells              Type           Power        Failure   Level  Hunger
a - Flame Tongue          Conj/Fire      ####.        1%          1    None
d - Sticky Flame          Conj/Fire      ####....     14%         4    ####...


Dungeon Overview and Level Annotations

Branches:
Dungeon (6/15)
 Temple: D:4-7

Altars:
Zin

Annotations:
D:4 Dfrag's ghost, amateur DsFE


Innate Abilities, Weirdness & Mutations

You have razor-sharp toenails.
You are mostly covered in thin metallic scales. (AC +3)
You sometimes gain power by taking damage.
You are immune to rotting.


Message History

Aim: Blork the orc, wielding a glaive of protection and wearing a robe (severely wounded, fast, covered in liquid flames)
The sticky flame hits Blork the orc.
Blork the orc appears unharmed.
Blork the orc is severely wounded.
Blork the orc is covered in liquid flames!
Blork the orc burns!
Blork the orc hits you but does no damage.
Blork the orc hits you with a glaive of protection!
* * * LOW HITPOINT WARNING * * *
You hit Blork the orc but do no damage.
Blork the orc is almost dead.
Blork the orc burns!
You kill Blork the orc!
You have reached level 8!
You feel clever.
Your demonic ancestry asserts itself...
Your toenails lengthen and sharpen.
F - 2 inky potions (gained 1)
Things that are here:
a glaive of protection; a robe There isn't anything to butcher here.
Are you sure you want to abandon this character and quit the game? (Confirm with "yes".)

#.# ##.##
####...##
+.......#
####...##
##)##
#.###
#...#
#@..#
#...#
##.## .#
.# .# .#
.#


There were no monsters in sight!

Vanquished Creatures
  A phantom (D:5)
  A centaur (D:6)
  The ghost of buriedalive the Firebug, an amateur HEFE (D:3)
  Blork the orc (D:5)
  2 bullfrogs (D:6)
  2 scorpions
  A wight (D:6)
  A howler monkey (D:4)
  2 crimson imps
  A centaur skeleton (D:4)
  2 bullfrog skeletons (D:6)
  Ijyb (D:2)
  3 worker ants
  6 adders
  3 shadow imps (D:5)
  3 worms
  4 dart slugs
  5 leopard geckos
  6 orcs
  8 bats
  4 giant cockroaches
  13 goblins
  5 hobgoblins
  10 jackals
  12 kobolds
  A frilled lizard (D:3)
  2 leopard gecko skeletons
  7 rats
108 creatures vanquished.

Notes
Turn   | Place    | Note
-------+----------+-------------------------------------------
     0 | D:1      | Dfrag the Demonspawn Fire Elementalist began the quest for the Orb.
     0 | D:1      | Reached XP level 1. HP: 13/13 MP: 3/3
   256 | D:1      | Gained mutation: You sometimes gain a little power by taking damage. [demonic ancestry]
   256 | D:1      | Reached XP level 2. HP: 19/19 MP: 1/5
   579 | D:1      | Gained mutation: You sometimes gain power by taking damage. [demonic ancestry]
   579 | D:1      | Reached XP level 3. HP: 14/24 MP: 2/6
   968 | D:2      | Found a faded altar of an unknown god.
  1107 | D:2      | Gained mutation: You are partially covered in thin metallic scales. (AC +2) [demonic ancestry]
  1107 | D:2      | Reached XP level 4. HP: 19/30 MP: 0/8
  1328 | D:2      | Noticed Ijyb
  1392 | D:2      | Killed Ijyb
  1746 | D:3      | Noticed buriedalive's ghost (amateur HEFE)
  1753 | D:3      | Gained mutation: You are immune to rotting. [demonic ancestry]
  1753 | D:3      | Reached XP level 5. HP: 35/35 MP: 9/9
  2318 | D:3      | Killed buriedalive's ghost
  2467 | D:4      | Gained mutation: You have sharp toenails. [demonic ancestry]
  2467 | D:4      | Reached XP level 6. HP: 31/41 MP: 5/11
  2470 | D:4      | Noticed Dfrag's ghost (amateur DsFE)
  2590 | D:5      | Entered Level 5 of the Dungeon
  3046 | D:6      | Gained mutation: You are mostly covered in thin metallic scales. (AC +3) [demonic ancestry]
  3046 | D:6      | Reached XP level 7. HP: 35/46 MP: 13/13
  3078 | D:6      | Found a glowing silver altar of Zin.
  3155 | D:6      | Learned a level 4 spell: Sticky Flame
  3179 | D:6      | Reached skill level 5 in Fire Magic
  3191 | D:6      | Reached skill level 5 in Spellcasting
  3250 | D:5      | Reached skill level 5 in Conjurations
  3397 | D:5      | Noticed Blork the orc
  3408 | D:5      | Killed Blork the orc
  3408 | D:5      | Gained mutation: You have razor-sharp toenails. [demonic ancestry]
  3408 | D:5      | Reached XP level 8. HP: 7/52 MP: 3/16
  3411 | D:5      | Quit the game

Skill      XL: |  1  2  3  4  5  6  7 |
---------------+----------------------+-----
Fire Magic     | 3 4 5 |  5.6
Conjurations   | 2 3 4 5 |  5.2
Spellcasting   | 3 4 5 |  5.4
Dodging        | |  1.7
Stealth        | |  1.7

Action                   |  1- 3 |  4- 6 |  7- 9 || total
-------------------------+-------+-------+-------++-------
Melee: Unarmed           |    19 |       |       ||    19
       Dagger            |    40 |    96 |       ||   136
       Hand axe          |       |    84 |    71 ||   155
 Cast: Flame Tongue      |    63 |    52 |    15 ||   130
       Sticky Flame      |       |       |     7 ||     7
  Use: Potion            |     1 |     1 |       ||     2
 Stab: Sleeping          |       |     9 |     1 ||    10
  Eat: Chunk             |       |     8 |     2 ||    10
Armor: Robe              |    31 |    78 |    46 ||   155
Dodge: Dodged            |    72 |   142 |    62 ||   276
